Unix NetHack Version 5.0.0-0 post-release - last build Jul 19 2026 19:10:59 (3aa4ab31751d3886436d94b585a96704892fd477,branch:main).

Game began 2026-07-21 11:03:28, ended 2026-07-21 11:16:49.

Eymerich, chaotic male elven Priest

                                                                         |
                                                      --  -----         .|
                                                     --.---...--        .-
                                                    --.........--      ..
                                                    ............---   ..
                                                     .............|   .-
                                                      ............---..|
                                                       ................-
                                                        ................
                                                        ...........(...-
                                                 ---     ..............|
                                                 |..-     .............---
                                                   ..-    -..............
                                                    ..    |..........
                                               --    h.   |........        ---
                                              --.   --)-----....-----      ..|
                                              -........@..................%..|
                                           -.....   --------.------    .--  --
                                           -----           ---         --

Eymerich the Acolyte         St:10 Dx:15 Co:14 In:10 Wi:16 Ch:9  Chaotic
Dlvl:3  $:85 HP:0(24) Pw:52(52) AC:3  Xp:3 T:1322  Burdened Deaf

Latest messages:
 In what direction?
 The dart named standard misses the dwarf.
 In what direction?
 The dart named standard misses the dwarf.
 In what direction?
 The dart named standard misses the dwarf.
 In what direction?
 The dart named standard misses the dwarf.
 The dwarf picks up 5 blessed darts named standard.
 In what direction?
 The dart named standard misses the dwarf.
 The dwarf picks up a blessed dart named standard.
 In what direction?
 The dart named standard misses the dwarf.
 The dwarf picks up a blessed dart named standard.
 In what direction?
 The dart named standard misses the dwarf.
 In what direction?
 The dart named standard misses the dwarf.
 The dwarf picks up 2 blessed darts named standard.
 You have no ammunition readied.
 What do you want to fire? [$B or ?*]
 Count: 0 <esc>
 Never mind.
 What do you want to throw? [$B or ?*]
 In what direction?
 The crude dagger misses the dwarf.
 You kill the dwarf!
 There are several objects here.
 C - 26 blessed darts named standard.
 B - a crude dagger (at the ready).
 D - a cursed broad pick.
 E - a broad short sword.
 You have a little trouble lifting a hard hat.  Continue? [ynq] (q)
 You have a little trouble lifting F - a hard hat.
 G - a pair of hard shoes.
 H - a hooded cloak.
 I - a dwarvish mithril-coat.
 Your movements are slowed slightly because of your load.
 The dwarf picks up 2 blessed darts named standard.
 The dwarf swings his pick-axe.
 The dwarf hits!
 What do you want to use or apply? [ijD or ?*]
 You start playing your leather drum.
 You pound on the drum.
 The dwarf turns to flee.
 The dwarf throws a dart named standard!
 You are hit by a dart named standard.
 You die...
 Do you want your possessions identified? [ynq] (y)

Inventory:
 Coins    ('$')
  $ - 85 gold pieces
 Weapons  (')')
  C - 26 blessed +0 darts named standard
  B - a +0 orcish dagger (at the ready)
  D - a cursed -1 dwarvish mattock
  E - a +0 dwarvish short sword
  a - a blessed +1 mace (weapon in right hand)
 Armor    ('[')
  F - a +0 dwarvish iron helm
  k - a +0 orcish helm (being worn)
  G - a +0 pair of iron shoes
  s - a +0 pair of water walking boots (being worn)
  H - a +1 dwarvish cloak
  b - a +0 robe
  I - a +0 dwarvish mithril-coat
  q - a +0 elven mithril-coat (being worn)
 Comestibles  ('%')
  t - a banana
  e - a clove of garlic
  m - 2 food rations
  v - a food ration
  f - a sprig of wolfsbane
 Potions  ('!')
  l - a potion of gain energy
  d - 4 potions of holy water
 Rings    ('=')
  r - a ring of fire resistance
 Tools    ('(')
  i - a leather drum
  j - a lock pick

Eymerich the Priest's attributes:

Background:
 You were an Acolyte, a level 3 elven Priest.
 You were chaotic, nominally on a mission for Set
 who was opposed by Mitra (lawful) and Crom (neutral).
 You were right-handed.
 You were in the Gnomish Mines, on level 3.
 You entered the dungeon 1322 turns ago.
 You had 61 experience points, 19 more were needed to attain level 4.

Basics:
 You had 0 out of 24 hit points.
 You had all 52 energy points (spell power).
 Your armor class was 3.
 Your wallet contained 85 zorkmids.
 Autopickup was off.

Final Characteristics:
 Your strength was 10 (limit:18).
 Your dexterity was 15 (limit:18).
 Your constitution was 14 (limit:16).
 Your intelligence was 10 (limit:20).
 Your wisdom was 16 (peak:17, limit:20).
 Your charisma was 9 (limit:18).

Final Status:
 You were deaf.
 You weren't hungry.
 You were burdened; movement was slightly slowed.
 You were wielding a mace.
 You had basic skill with mace.

Final Attributes:
 You were devoutly aligned.
 You had infravision.
 You could walk on water.
 You were guarded.
 Your spell casting was impaired by metallic armor.
 You are dead.

Miscellaneous:
 You didn't encounter any bones levels.
 Total elapsed playing time was 13 minutes and 18 seconds.

Major events:
 Turn
    1: Eymerich the chaotic elven Priest entered the dungeon
  918: attained the rank of Acolyte (level 3)
 1201: entered the Gnomish Mines
 1322: killed by a dart

Spells:
 Name                 Level Category     Fail Retention
 healing                1   healing       79%  76%-100%
 stone to flesh         3   healing      100%  76%-100%

Skills:
 Fighting Skills
   bare handed combat [Unskilled]
 Weapon Skills
   club               [Unskilled]
   mace               [Basic]
   morning star       [Unskilled]
   flail              [Unskilled]
   hammer             [Unskilled]
   quarterstaff       [Unskilled]
   polearms           [Unskilled]
   spear              [Unskilled]
   trident            [Unskilled]
   lance              [Unskilled]
   bow                [Unskilled]
   sling              [Unskilled]
   crossbow           [Unskilled]
   dart               [Unskilled]
   shuriken           [Unskilled]
   boomerang          [Unskilled]
   unicorn horn       [Unskilled]
 Spellcasting Skills
   healing spells     [Unskilled]
   divination spells  [Unskilled]
   clerical spells    [Basic]

Voluntary challenges:
 Character rerolling was not enabled.
 You were an atheist.
 You never genocided any monsters.
 You never polymorphed an object.
 You never changed form.
 You used no wishes.
Achievements:
 You attained the rank of Acolyte.
 You entered a shop.
 You entered the Gnomish Mines.

 The Dungeons of Doom: levels 1 to 3
    Level 1:
       A sink.
    Level 2:
       A general store, a fountain.
       Stairs down to The Gnomish Mines.
    Level 3:
 The Gnomish Mines:
    Level 3: <- You were here.
       Final resting place for
          you, killed by a dart.


Vanquished creatures:
  a shrieker
  a kitten
  a dwarf
  a gecko
  3 jackals
  a fox
  3 goblins
  9 grid bugs
  a kobold zombie
  4 newts
25 creatures vanquished.

No species were genocided or became extinct.

Game over:
                       ----------
                      /          \
                     /    REST    \
                    /      IN      \
                   /     PEACE      \
                  /                  \
                  |     Eymerich     |
                  |      85 Au       |
                  | killed by a dart |
                  |                  |
                  |                  |
                  |                  |
                  |       2026       |
                 *|     *  *  *      | *
        _________)/\\_//(\/(/\)/\//\/|_)_______

Goodbye Eymerich the Priest...

You died in The Gnomish Mines on dungeon level 3 with 441 points,
and 85 pieces of gold, after 1322 moves.
You were level 3 with a maximum of 24 hit points when you died.

